 Dungeon Crawl Stone Soup version 0.27.0-1-g7a089689b8 (webtiles) character file.

Game seed: 17660659498043492605

22 Brandom the Sneak (level 2, -2/14 HPs)
             Began as a Spriggan Fire Elementalist on July 31, 2021.
             Slain by a kobold (3 damage)
             ... on level 1 of the Dungeon.
             The game lasted 00:03:18 (744 turns).

Brandom the Sneak (Spriggan Fire Elementalist)       Turns: 744, Time: 00:03:19

Health: -2/14      AC:  2    Str: 10    XL:     2   Next: 68%
Magic:  3/6        EV: 17    Int: 16    God:
Gold:   33         SH:  0    Dex: 15    Spells: 5/6 levels left

rFire    . . .     SeeInvis +   c - +0 dagger
rCold    . . .     Faith    .   (shield restricted)
rNeg     . . .     Spirit   .   a - +0 robe
rPois    .         Reflect  .   (helmet restricted)
rElec    .         Harm     .   (no cloak)
rCorr    .         Rampage  .   (gloves unavailable)
Will     .....                  (boots unavailable)
Stlth    ++........             (no amulet)
HPRegen  0.04/turn              b - +6 ring of strength
MPRegen  0.10/turn              (no ring)

@: very quick
A: very small, no large weapons, unfitting armour, see invisible, speed 3
a: no special abilities


You were on level 1 of the Dungeon.
You visited 1 branch of the dungeon, and saw 1 of its levels.

You collected 33 gold pieces.

Inventory:

Hand Weapons
 c - a +0 dagger (weapon)
   (You took it off a goblin on level 1 of the Dungeon)
Armour
 a - a +0 robe (worn)
Jewellery
 b - a +6 ring of strength (left hand)
   (You found it on level 1 of the Dungeon)
Scrolls
 d - a scroll of enchant armour {unknown}
 e - a scroll of fog {unknown}
 f - a scroll of identify {unknown}
 g - a scroll of magic mapping {unknown}
Potions
 h - a potion of curing {unknown}


   Skills:
 + Level 0.7 Fighting
 + Level 0.5 Short Blades
 + Level 3.0 Dodging
 + Level 3.3 Stealth
 + Level 2.9 Spellcasting
 - Level 1.0 Conjurations
 + Level 2.5 Fire Magic


You had 5 spell levels left.
You knew the following spells:

 Your Spells              Type           Power      Damage    Failure   Level
a - Foxfire               Conj/Fire      32%        2x1d5     9%          1

Your spell library contained the following spells:

 Spells                   Type           Power      Damage    Failure   Level
 Conjure Flame            Conj/Fire      8%         6-21      26%         3
 Inner Flame              Hex/Fire       6%         N/A       32%         3
 Sticky Flame             Conj/Fire      8%         2d3       65%         4
 Fireball                 Conj/Fire      4%         3d4       94%         5


Dungeon Overview and Level Annotations

Branches:
Dungeon (1/15)

Altars:


Innate Abilities, Weirdness & Mutations

You are very small and have problems with some larger weapons.
You are too small for most types of armour.
You have supernaturally acute eyesight. (SInv)
You cover ground extremely quickly. (Speed+++)


Message History

Things that are here:
a +0 ring mail; a +0 leather armour
f - a scroll labelled MESKOA VOIMIR You now have 33 gold pieces (gained 14).
Found a dagger.
You open the door.
A bat and a goblin come into view.
Found a coppery potion and a scroll labelled ISIAV MUFESAEH.
There is an open door here.
The helpless goblin fails to defend itself.
You puncture the goblin!
You kill the goblin!
Your Dodging skill increases to level 3!
A quokka comes into view.
The helpless bat fails to defend itself.
You puncture the bat!
You kill the bat!
The helpless quokka fails to defend itself.
You puncture the quokka!
You kill the quokka!
Training target 1.0 for Conjurations reached!
Your Conjurations skill increases to level 1!
g - a scroll labelled ISIAV MUFESAEH
h - a coppery potion You open the door.
A quokka and a kobold come into view.
There is an open door here.
You hit the quokka.
The kobold shouts!
The quokka barely misses you.
You hit the quokka but do no damage.
The kobold hits you with a +0 short sword.
The quokka bites you.
You closely miss the quokka. The quokka bites you.
* * * LOW HITPOINT WARNING * * *
The kobold misses you.
You conjure some foxfire!
The quokka closely misses you.
You conjure some foxfire!
The quokka barely misses you.
The foxfire hits the quokka.
You kill the quokka!
The foxfire hits the kobold but does no damage.
You closely miss the kobold. You hit the kobold but do no damage.
The kobold closely misses you.
You hit the kobold but do no damage.
The kobold hits you with a +0 short sword.
* * * LOW HITPOINT WARNING * * *
There is an open door here.
You conjure some foxfire!
The kobold hits you with a +0 short sword.
You die...

#.# ##.##
#.#####..####
...†.......>#
#####.......#
#.......#
#.......#####
####..#.....#######
##.#.###..v....#
#...# ##@####..#
##..###K.v##
#..##....)##
#####.##†8...8.##
#...)##.#.....#.##
#....#...8...8...#
#..K.'...........+
#....#...8...8...#
#....##.#.....#.##


You could see a kobold (ally target).

Vanquished Creatures
  5 bats (D:1)
  3 giant cockroaches (D:1)
  2 goblins (D:1)
  A hobgoblin (D:1)
  4 jackals (D:1)
  2 quokkas (D:1)
  A rat (D:1)
18 creatures vanquished.

Vanquished Creatures (others)
  10 foxfires (D:1)
10 creatures vanquished.

Grand Total: 28 creatures vanquished

Notes
Turn   | Place    | Note
-------+----------+-------------------------------------------
     0 | D:1      | Brandom the Spriggan Fire Elementalist began the quest for
                  | the Orb.
     0 | D:1      | Reached XP level 1. HP: 9/9 MP: 5/5
   185 | D:1      | Reached XP level 2. HP: 5/14 MP: 6/6
   716 | D:1      | Reached skill level 1 in Conjurations
   744 | D:1      | Slain by a kobold

Illustrated notes

Levels and vault maps discovered:
D:1:      wheals_arrival_linesprint, layout_basic, dk_noncrumbling_3

Skill      XL: |  1  2 |
---------------+-------+-----
Dodging        | 3 |  3.0
Conjurations   | 1 |  1.0
Fighting       | |  0.7
Short Blades   | |  0.5
Stealth        | |  3.3
Spellcasting   | |  2.9
Fire Magic     | |  2.5

Action                   || total
-------------------------++-------
Melee: Dagger            ||    87
       Unarmed           ||     3
 Cast: Foxfire           ||     9
 Stab: Sleeping          ||     4
Armor: Robe              ||    17
Dodge: Dodged            ||    92
